 Dungeon Crawl Stone Soup version 0.24-a0-416-g56ce5178b7 (webtiles) character file.

Game seed: 4770354511204022494

185 KristoblXynda the Chopper (level 5, -2/45 HPs)
             Began as a Draconian Gladiator on June 9, 2019.
             Slain by a gnoll sergeant
             ... wielding a +0 trident of protection
              (8 damage)
             ... on level 3 of the Dungeon.
             The game lasted 00:05:33 (2878 turns).

KristoblXynda the Chopper (Draconian Gladiator)     Turns: 2878, Time: 00:05:33

Health: -2/45      AC:  5    Str: 22    XL:     5   Next: 37%
Magic:  5/5        EV: 13    Int:  9    God:
Gold:   182        SH:  0    Dex: 12    Spells: 4/4 levels left

rFire    . . .     SeeInvis .   a - +0 war axe
rCold    . . .     Gourm    .   (no shield)
rNeg     . . .     Faith    .   (armour unavailable)
rPois    .         Spirit   .   b - +0 hat
rElec    .         Reflect  .   (no cloak)
rCorr    .         Harm     .   (no gloves)
MR       .....                  (no boots)
Stlth    +.........             (no amulet)
HPRegen  0.15/turn              (no ring)
MPRegen  0.09/turn              (no ring)

@: mighty
A: unfitting armour, cold-blooded, AC +5
a: no special abilities


You were on level 3 of the Dungeon.
You were hungry.

You visited 1 branch of the dungeon, and saw 3 of its levels.

You collected 182 gold pieces.

Inventory:

Hand Weapons
 a - a +0 war axe (weapon)
 o - a +0 morningstar
Missiles
 c - 3 throwing nets (quivered)
Armour
 b - a +0 hat (worn)
Jewellery
 l - an uncursed amulet of guardian spirit {unknown}
Scrolls
 g - a scroll of enchant armour {unknown}
 i - a scroll of teleportation {unknown}
 k - a scroll of enchant weapon {unknown}
 m - a scroll of amnesia {unknown}
Potions
 f - a potion of curing {unknown}
 h - a potion of agility
 j - 2 potions of brilliance
 q - a potion of berserk rage {unknown}
Comestibles
 d - 5 rations


   Skills:
 + Level 3.3 Fighting
 * Level 4.8 Axes
 - Level 2.0 Throwing
 + Level 3.6 Dodging


You had 4 spell levels left.
You didn't know any spells.
Your spell library contained the following spells:

 Spells                   Type           Power        Failure   Level  Hunger
 Animate Skeleton         Necr           N/A          38%         1    ##.....
 Apportation              Tloc           #.....       38%         1    ##.....
 Confusing Touch          Hex            #.....       38%         1    ##.....
 Summon Small Mammal      Summ           #...         38%         1    ##.....


Dungeon Overview and Level Annotations

Branches:
Dungeon (3/15)

Altars:
Dithmenos
Makhleb
Okawaru
Uskayaw
Xom

Annotations:
D:3 Robin


Innate Abilities, Weirdness & Mutations

Your plain brown scales are hard. (AC +5)
You cannot fit into any form of body armour.
You are cold-blooded and may be slowed by cold attacks.


Message History

You kill the gnoll!
The gnoll sergeant closely misses you.
Unknown command.
The gnoll sergeant hits you from afar with a +0 trident of protection!
Things that are here:
a +0 flail; 19 bolts You feel very mighty all of a sudden.
The gnoll sergeant hits you with a +0 trident of protection!
* * * LOW HITPOINT WARNING * * *
You hit the gnoll sergeant.
The gnoll sergeant is lightly wounded.
The gnoll sergeant closely misses you.
You closely miss the gnoll sergeant.
Your tail-slap misses the gnoll sergeant.
The gnoll sergeant is lightly wounded.
The gnoll sergeant hits you with a +0 trident of protection!
* * * LOW HITPOINT WARNING * * *
A goblin comes into view.
The gnoll sergeant hits you with a +0 trident of protection!
You die... # .##.......>.. # #......... ## #........ .# ....... .# ...g. .## ggo

..# #l# #.## #g#
#..### ####@##
##...#### #..)..#
.###....#####.###.#
.††...=.......# ..#
.###....#####.# #.#
##...####.....# .#
#..###....##### ..
#.##...#### #.#
..#..### ..


You could see a gnoll sergeant, 2 gnolls, an orc, a goblin (wandering) and a
frilled lizard.

Vanquished Creatures
  A crimson imp (D:3)
  A hound zombie (D:2)
  2 gnolls
  5 adders
  2 oozes
  2 worms (D:2)
  2 leopard geckos
  5 orcs (D:3)
  6 bats
  3 goblins
  6 hobgoblins
  9 kobolds
  2 ball pythons
  6 frilled lizards
  9 rats
61 creatures vanquished.

Notes
Turn   | Place    | Note
-------+----------+-------------------------------------------
     0 | D:1      | KristoblXynda the Draconian Gladiator began the quest for
                  | the Orb.
     0 | D:1      | Reached XP level 1. HP: 17/17 MP: 1/1
   398 | D:1      | Reached XP level 2. HP: 21/24 MP: 2/2
   667 | D:1      | Reached XP level 3. HP: 19/30 MP: 3/3
  1054 | D:2      | Reached skill level 4 in Axes
  1077 | D:2      | Found a hide-covered altar of Uskayaw.
  1078 | D:2      | Found an iron altar of Okawaru.
  1161 | D:2      | Reached XP level 4. HP: 37/37 MP: 4/4
  1795 | D:2      | Found a shadowy altar of Dithmenos.
  2220 | D:3      | Noticed Robin
  2622 | D:3      | Reached XP level 5. HP: 45/45 MP: 5/5
  2633 | D:3      | Found a burning altar of Makhleb.
  2634 | D:3      | Found a shimmering altar of Xom.
  2878 | D:3      | Slain by a gnoll sergeant

Levels and vault maps discovered:
D:1:      wheals_arrival_linesprint, layout_rooms
D:2:      wander_river, layout_rooms,
          chequers_temple_overflow_statue_of_worship, old_standard_altar,
          kennysheep_generic_room_12
D:3:      minmay_general_purpose_star, layout_basic,
          grunt_temple_overflow_champion_of_chaos, grunt_qazlal_sundering,
          lemuel_crystal_altar, first_ration, uniq_robin

Skill      XL: |  1  2  3  4 |
---------------+-------------+-----
Throwing       | 2 |  2.0
Dodging        | 3 |  3.6
Axes           | 4 |  4.8
Fighting       | 3 |  3.3

Action                   |  1- 3 |  4- 6 || total
-------------------------+-------+-------++-------
Melee: War axe           |    94 |   115 ||   209
       Tailslap          |    10 |    10 ||    20
  Use: Potion            |       |     3 ||     3
       Scroll            |       |     1 ||     1
 Stab: Sleeping          |       |     1 ||     1
  Eat: Chunk             |     1 |     5 ||     6
Armor: Skin              |    20 |    38 ||    58
Dodge: Dodged            |    77 |   106 ||   183

Table legend:
 A = Non-vault XP
 B = Vault XP
 C = Vault XP percentage of total XP
 D = Non-vault monster count
 E = Vault monster count
 F = Vault count percentage of total count
                 A         B        C        D         E       F
            +---------+---------+-------+---------+---------+-------
      Total |     211 |      54 |  20.4 |      57 |       4 |   6.6
            +---------+---------+-------+---------+---------+-------
        D:1 |      43 |       0 |   0.0 |      15 |       0 |   0.0
        D:2 |      98 |       0 |   0.0 |      26 |       0 |   0.0
        D:3 |      70 |      54 |  43.5 |      16 |       4 |  20.0
            +---------+---------+-------+---------+---------+-------
